 Dungeon Crawl Stone Soup version 0.19.1 (webtiles) character file.

1242 tboon the Shield-Bearer (level 8, -1/65 HPs)
             Began as a Formicid Fighter on Dec 5, 2016.
             Was a Follower of Okawaru.
             Slain by Duvessa
             ... wielding a +0 short sword
              (13 damage)
             ... on level 6 of the Dungeon.
             The game lasted 00:11:22 (5419 turns).

tboon the Shield-Bearer (Formicid Fighter)          Turns: 5419, Time: 00:11:22

Health: -1/65      AC: 12    Str: 20    XL:     8   Next: 78%
Magic:  7/8        EV: 10    Int:  9    God:    Okawaru [*.....]
Gold:   449        SH: 12    Dex: 12    Spells: 0 memorised, 7 levels left

rFire  . . .     SeeInvis +     a - +0 war axe
rCold  . . .     Gourm    .     y - +0 chain mail
rNeg   . . .     Faith    .     c - +0 shield
rPois  .         Spirit   .     (helmet unavailable)
rElec  .         Reflect  .     m - +0 cloak
rCorr  .         Harm     .     (no gloves)
MR     .....                    (no boots)
Stlth  ..........               (no amulet)
                                (no ring)
                                (no ring)

@: heroism
A: permanent stasis, dig shafts and tunnels, four strong arms, antennae 3
a: Dig, Shaft Self, Heroism, Renounce Religion


You were on level 6 of the Dungeon.
You worshipped Okawaru.
Okawaru was aware of your devotion.
You were hungry.

You visited 2 branches of the dungeon, and saw 7 of its levels.

You collected 449 gold pieces.

Inventory:

Hand Weapons
 a - a +0 war axe (weapon)
Armour
 c - a +0 shield (worn)
 m - a +0 cloak (worn)
   (You found it on level 2 of the Dungeon)
 y - a +0 chain mail (worn)
   (You found it on level 6 of the Dungeon)
Jewellery
 d - an uncursed ring of wizardry {unknown}
   (You found it on level 6 of the Dungeon)
Wands
 p - a wand of lightning (14/15)
   (You found it on level 3 of the Dungeon)
Scrolls
 b - a scroll of noise {unknown}
 e - a scroll of enchant armour {unknown}
 k - a scroll of teleportation {unknown}
 n - a scroll of random uselessness {unknown}
 r - a scroll of enchant weapon {unknown}
 s - a scroll of fog {unknown}
 u - a scroll of remove curse {unknown}
 v - a scroll of recharging
Potions
 g - a potion of flight {unknown}
 i - 2 potions of brilliance {unknown}
 j - 4 potions of heal wounds {unknown}
 l - 3 potions of curing
 o - a potion of lignification {unknown}
 q - a potion of mutation {unknown}
 t - a potion of invisibility {unknown}
 w - a potion of degeneration {unknown}
Comestibles
 f - 5 bread rations
 h - a meat ration


   Skills:
 + Level 6.4(11.4) Fighting
 * Level 7.1(12.1) Axes
 - Level 3.2(8.2) Armour
 + Level 7.1(12.1) Shields


You had 7 spell levels left.
You didn't know any spells.

Dungeon Overview and Level Annotations

Branches:
Dungeon (6/15)             Temple (1/1) D:4

Altars:
Ashenzari
Dithmenos
Elyvilon
Fedhas
Hepliaklqana
Makhleb
Nemelex Xobeh
Okawaru
Qazlal
Trog
Uskayaw
Vehumet
Xom
Yredelemnul
Zin
The Shining One

Annotations:
D:6 Duvessa


Innate Abilities, Weirdness & Mutations

You are under a permanent stasis effect.
You can dig through walls and to a lower floor.
Your four strong arms can wield two-handed weapons with a shield.
You have a pair of large antennae on your head. (SInv)


Message History

You block the bullfrog skeleton's attack.
The bullfrog skeleton barely misses you.
You slash the bullfrog skeleton!
You destroy the bullfrog skeleton!
Okawaru accepts your kill.
You start resting.
Eating a chunk of flesh.
You start eating the chunk of flesh.
You are feeling hungry.
This raw flesh tastes terrible.
You start resting.
HP restored.
Things that are here:
an uncursed shortbow; 3 arrows You see here a ring mail.
You see here a spear.
i - 2 yellow potions (gained 1) Marking area around Dowan as unsafe for travelling.
Dowan, Brother of Duvessa comes into view.
He is wielding a dagger.
Dowan shouts!
You slash Dowan!
Dowan is heavily wounded.
Dowan gestures at you while chanting. The puff of frost hits you!
You closely miss Dowan.
Dowan is heavily wounded.
Dowan mumbles some strange words.
Dowan blinks!
You closely miss Dowan.
Dowan is heavily wounded.
Dowan points at you and mumbles some strange words.
You block the puff of frost.
You hit Dowan but do no damage.
Dowan is heavily wounded.
You block Dowan's attack.
You hit Dowan.
Dowan is severely wounded.
Dowan gestures wildly while chanting.
Dowan blinks!
Duvessa, Sister of Dowan comes into view.
She is wielding a short sword.
Duvessa shouts!
Dowan hits you but does no damage.
You slash Dowan!
You kill Dowan!
Okawaru accepts your kill.
You hear a distant scream of rage.
You closely miss Duvessa.
Duvessa goes berserk!
Duvessa closely misses you.
You hit Duvessa.
Duvessa is lightly wounded.
Duvessa hits you but does no damage. Duvessa hits you with a short sword.
You hit Duvessa but do no damage.
Duvessa is lightly wounded.
Duvessa barely misses you. Duvessa hits you with a short sword!
You completely miss Duvessa.
Duvessa is lightly wounded.
Duvessa hits you but does no damage.
You barely miss Duvessa.
Duvessa is lightly wounded.
Duvessa hits you with a short sword! Duvessa hits you with a short sword.
You hit Duvessa.
Duvessa is lightly wounded.
Duvessa hits you but does no damage. You block Duvessa's attack.
Your shield and chain mail prevent you from hitting Duvessa.
Duvessa is lightly wounded.
Duvessa barely misses you. Duvessa hits you with a short sword!
You fail to use your ability.
Duvessa hits you with a short sword!
* * * LOW HITPOINT WARNING * * *
You gain the combat prowess of a mighty hero.
Duvessa hits you but does no damage. You block Duvessa's attack.
You hit Duvessa but do no damage.
Duvessa is lightly wounded.
You block Duvessa's attack.
You hit Duvessa but do no damage.
Duvessa is lightly wounded.
Duvessa hits you but does no damage.
You slash Duvessa!
Duvessa is heavily wounded.
You block Duvessa's attack. Duvessa hits you but does no damage.
You closely miss Duvessa.
Duvessa is heavily wounded.
You block Duvessa's attack.
You closely miss Duvessa.
Duvessa is heavily wounded.
You block Duvessa's attack.
You are feeling hungry.
Your chain mail prevents you from hitting Duvessa.
Duvessa is heavily wounded.
You block Duvessa's attack. Duvessa barely misses you.
You closely miss Duvessa.
Duvessa is heavily wounded.
You block Duvessa's attack.
You slash Duvessa!
Duvessa is severely wounded.
Duvessa misses you. Duvessa closely misses you.
You slash Duvessa!
Duvessa is almost dead.
You block Duvessa's attack.
You hit Duvessa but do no damage.
Duvessa is almost dead.
Duvessa hits you with a short sword!
You die...

######...)..#
#.......
##.##..###
##..#####
#.##..... .....#
#.###.########..#
#.....# #..# {
####..# #..# {{
#..# #..# { #..#
#..# { ##@#.# #..#
#e###.# #..# ##.#
## #..# #..# #..#
# #e.#
######.)##### ..
.... .............
##
#....######..#####
.# #..#.# #.......
.# .....# ##...###


You could see Duvessa (berserk).

Vanquished Creatures
  Prince Ribbit (D:6)
  Sigmund (D:4)
  2 ogres (D:5)
  2 centaurs (D:6)
  A scorpion (D:4)
  Dowan (D:6)
  A howler monkey (D:5)
  A crimson imp (D:6)
  A hound (D:5)
  A bullfrog skeleton (D:6)
  A jelly (D:5)
  4 worker ants
  An iguana (D:5)
  A hound zombie (D:6)
  A worker ant zombie (D:6)
  6 adders
  A shadow imp (D:6)
  An ooze (D:3)
  An adder zombie (D:5)
  2 worms (D:3)
  A dart slug (D:4)
  2 leopard geckos (D:3)
  6 orcs
  6 giant cockroaches
  3 goblins
  4 hobgoblins
  9 jackals
  6 kobolds
  2 quokkas
  A ball python (D:3)
  11 bats
  2 frilled lizards
  A jackal zombie (D:5)
  A quokka zombie (D:6)
  8 rats
94 creatures vanquished.

Vanquished Creatures (others)
  A bush (D:6)
1 creature vanquished.

Grand Total: 95 creatures vanquished

Notes
Turn   | Place    | Note
-------+----------+-------------------------------------------
     0 | D:1      | tboon the Formicid Fighter began the quest for the Orb.
     0 | D:1      | Reached XP level 1. HP: 18/18 MP: 1/1
   265 | D:1      | Reached XP level 2. HP: 13/24 MP: 2/2
   540 | D:1      | Reached skill level 4 in Shields
   844 | D:2      | Reached XP level 3. HP: 30/30 MP: 3/3
   979 | D:2      | Found a shattered altar of Ashenzari.
  1300 | D:3      | Reached skill level 4 in Fighting
  1304 | D:3      | Reached XP level 4. HP: 37/37 MP: 4/4
  1345 | D:3      | Reached skill level 3 in Axes
  1583 | D:3      | Found a stormy altar of Qazlal.
  1584 | D:3      | Found a hazy altar of Hepliaklqana.
  1585 | D:3      | Found a shimmering altar of Xom.
  1585 | D:3      | Found a shadowy altar of Dithmenos.
  1585 | D:3      | Found a hide-covered altar of Uskayaw.
  1586 | D:3      | Found a blossoming altar of Fedhas.
  1586 | D:3      | Found a burning altar of Makhleb.
  1871 | D:3      | Reached XP level 5. HP: 41/42 MP: 5/5
  2211 | D:4      | Noticed Sigmund
  2219 | D:4      | Killed Sigmund
  2219 | D:4      | Reached skill level 4 in Axes
  2219 | D:4      | Reached skill level 5 in Shields
  2219 | D:4      | Reached XP level 6. HP: 47/49 MP: 6/6
  2476 | D:4      | Reached skill level 5 in Fighting
  2731 | D:4      | Found a staircase to the Ecumenical Temple.
  2740 | D:4      | Reached XP level 7. HP: 50/56 MP: 7/7
  2745 | Temple   | Entered the Ecumenical Temple
  2786 | Temple   | Became a worshipper of Warmaster Okawaru
  3345 | D:5      | Entered Level 5 of the Dungeon
  3353 | D:5      | Reached skill level 5 in Axes
  3575 | D:5      | HP: 13/56 [ogre/giant club (20)]
  3581 | D:5      | HP: 1/56 [ogre/giant club (13)]
  3583 | D:5      | Reached skill level 6 in Shields
  4157 | D:5      | Reached XP level 8. HP: 58/64 MP: 8/8
  4268 | D:5      | Reached skill level 6 in Axes
  4431 | D:6      | Noticed Prince Ribbit
  4470 | D:6      | Killed Prince Ribbit
  4470 | D:6      | Reached * piety under Okawaru
  4470 | D:6      | Reached skill level 6 in Fighting
  5070 | D:6      | Reached skill level 7 in Axes
  5070 | D:6      | Reached skill level 7 in Shields
  5378 | D:6      | Noticed Dowan
  5396 | D:6      | Noticed Duvessa
  5400 | D:6      | Killed Dowan
  5408 | D:6      | HP: 10/65 [Duvessa/short sword (11)]
  5419 | D:6      | Slain by Duvessa

Skill      XL: |  1  2  3  4  5  6  7  8 |
---------------+-------------------------+-----
Shields        | 4 5 6 7 |  7.1
Fighting       | 4 5 6 |  6.4
Axes           | 3 4 5 7 |  7.1
Armour         | |  3.2

Action                   |  1- 3 |  4- 6 |  7- 9 || total
-------------------------+-------+-------+-------++-------
Melee: War axe           |   113 |   109 |   173 ||   395
Invok: Heroism           |       |       |     1 ||     1
  Use: Scroll            |       |     1 |     3 ||     4
       Potion            |       |     1 |     1 ||     2
  Eat: Chunk             |     1 |     5 |     4 ||    10
       Bread ration      |       |       |     1 ||     1
Armor: Scale mail        |    55 |    28 |    39 ||   122
       Chain mail        |       |       |    23 ||    23
Dodge: Dodged            |    58 |    41 |    48 ||   147
Block: Shield            |    62 |    63 |    84 ||   209

Vault maps used:
D:1:      minmay_arrival_up_and_down, serial_bayou_pond_e, minmay_pentomino_x2
D:2:      marbit_many_paths
D:3:      grunt_temple_overflow_open, st_stairs_10
D:4:      first_bread, uniq_sigmund
D:6:      kb_lookout_dungeons_type, uniq_prince_ribbit1, uniq_duvessa
Temple:   oiseaux_autumnal_temple

Table legend:
 A = Turns spent in this place as a percentage of turns spent in the entire game.
 B = Non-inter-level travel turns spent in this place as a percentage of non-inter-level travel turns spent in the entire game.
 C = Inter-level travel turns spent in this place as a percentage of turns spent in this place.
 D = Turns resting spent in this place as a percentage of non-inter-level travel turns spent in this place.
 E = Turns spent auto-exploring this place as a percentage of non-inter-level travel turns spent in this place.
 F = Non-inter-level travel turns spent in this place divided by the number of levels of this place that you've seen.
                   A       B       C       D       E      F
               +-------+-------+-------+-------+-------+----------------------
         Total | 100.0 | 100.0 |   0.6 |   3.8 |  13.8 | 156.4
       Dungeon |  98.6 |  98.7 |   0.6 |   3.9 |  13.3 | 180.2
        Temple |   1.4 |   1.3 |   6.7 |   0.0 |  50.0 |  14.0
               +-------+-------+-------+-------+-------+----------------------

Table legend:
 A = Kills in this place as a percentage of kills in entire the game.
 B = Kills by you in this place as a percentage of kills by you in the entire game.
 C = Kills by friends in this place as a percentage of kills by friends in the entire game.
 D = Other kills in this place as a percentage of other kills in the entire game.
 E = Experience gained in this place as a percentage of experience gained in the entire game.
 F = Experience gained in this place divided by the number of levels of this place that you have seen.
                   A       B       C       D       E      F
               +-------+-------+-------+-------+-------+----------------------
         Total | 100.0 | 100.0 |  -nan |  -nan | 100.0 | 253.6
       Dungeon | 100.0 | 100.0 |  -nan |  -nan | 100.0 | 295.8
               +-------+-------+-------+-------+-------+----------------------
